Map: 로맨티사이드 - 래더

Players

rhodes

  • Race: Zerg Zerg

stable - Winner!

  • Race: Protoss Protoss
  • League: Gold

VOD

Have the link to the VOD?

Description

Time

  • Played on: July 20, 2021, 8:19 a.m.
  • Length: 7:15
Show
View Real Time Build Order
Export as new Build Order

rhodes Zerg 

Build Orders: Hatch First 

Get SALT Encoding   

  12  0:08  Drone  
  12  0:13  Overlord  
  13  0:17  Drone  
  14  0:31  Drone x2  
  16  0:50  Hatchery  
  16  0:53  Drone  
  16  0:56  Drone  
  17  1:03  Drone  
  18  1:11  Extractor  
  17  1:18  Spawning Pool  
  17  1:20  Drone  
  17  1:24  Drone  
  18  1:37  Drone  
  19  1:46  Overlord  
  19  2:05  Zergling x4  
  19  2:06  Queen x2  
  19  2:07  Drone  
  26  2:14  Drone  
  27  2:17  Drone  
  27  2:18  Metabolic Boost  
  28  2:30  Drone  
  28  2:31  Drone  
  30  2:43  Hatchery  
  29  2:50  Queen  
  31  2:54  Drone x2  
  33  2:59  Overlord  
  33  3:03  Overlord  
  33  3:07  Drone  
  33  3:09  Drone  
  35  3:14  Drone  
  36  3:27  Drone x3  
  38  3:28  Queen  
  41  3:38  Queen  
  43  3:42  Drone  
  43  3:43  Drone x3  
  43  3:44  Drone  
  43  3:45  Drone  
  49  3:52  Spore Crawler  
  49  3:54  Spore Crawler  
  47  3:57  Overlord  
  47  3:58  Queen  
  49  4:11  Queen, Spore Crawler  
  49  4:16  Zergling x8  
  54  4:23  Drone x2, Extractor  
  55  4:24  Drone x3, Extractor  
  55  4:25  Drone  
  55  4:30  Overlord  
  58  4:42  Overlord  
  58  4:48  Queen  
  60  5:00  Lair  
  60  5:07  Drone x2  
  60  5:08  Overlord, Drone  
  60  5:10  Roach Warren  
  60  5:13  Zergling x12  
  68  5:23  Overlord x2  
  68  5:24  Zergling x8  
  68  5:25  Zergling x2  
  68  5:26  Spore Crawler  
  72  5:38  Zergling x8  
  72  5:39  Zergling x4  
  69  5:53  Roach x6  
  81  6:00  Roach x3  
  85  6:09  Roach x2  
  74  6:14  Roach  
  67  6:20  Roach x2  
  57  6:27  Roach x2  
  48  6:34  Roach x4  
  31  6:53  Roach x3  
  31  6:56  Ravager  
Show
View Real Time Build Order
Export as new Build Order

stable Protoss - Winner!

Build Orders: 1 Gate Expand 

Get SALT Encoding   

  12  0:00  Probe  
  13  0:12  Probe  
  14  0:20  Pylon  
  14  0:24  Probe  
  15  0:38  Probe (Chrono Boost)  
  15  0:40  Gateway  
  16  0:47  Assimilator  
  16  0:49  Probe (Chrono Boost)  
  17  0:54  Probe (Chrono Boost)  
  18  1:04  Probe  
  19  1:16  Probe  
  20  1:27  Nexus  
  20  1:37  Cybernetics Core  
  21  1:40  Probe  
  21  1:48  Assimilator  
  21  1:52  Probe  
  22  1:56  Pylon  
  22  2:04  Probe  
  23  2:14  Adept (Chrono Boost)  
  23  2:16  Probe  
  26  2:24  Stargate  
  26  2:28  Probe  
  27  2:36  Warp Gate  
  27  2:40  Probe x2  
  29  2:47  Gateway  
  29  2:53  Probe x2  
  29  2:56  Adept  
  33  3:04  Void Ray (Chrono Boost)  
  34  3:05  Probe x2  
  35  3:17  Probe  
  40  3:22  Pylon  
  40  3:25  Twilight Council  
  40  3:46  Robotics Facility  
  40  4:01  Pylon  
  40  4:02  Charge (Chrono Boost)  
  40  4:23  Gateway  
  40  4:25  Gateway x2  
  40  4:27  Gateway  
  40  4:28  Zealot x2  
  40  4:29  Gateway  
  44  4:31  Gateway  
  44  4:34  Pylon  
  44  4:42  Warp Prism (Chrono Boost)  
  46  4:52  Zealot x2  
  50  5:31  Zealot x7  
  50  5:32  Zealot  
  66  5:56  Zealot x2  
  70  6:04  Pylon  
  70  6:06  Pylon  
  70  6:08  Pylon  
  70  6:10  Pylon  
  70  6:11  Pylon  
  68  6:20  Zealot x2  
  68  6:22  Zealot x3  
  68  6:23  Zealot x2  
  76  6:41  Zealot  
  76  6:42  Zealot x2  
  76  6:43  Zealot x2  
  76  6:44  Zealot x3  
  86  7:06  Zealot x3  
  86  7:07  Zealot x5  
Tags
 
Add a new tag
Caveats
  • Supply blocks, unpowered buildings, or Contaminate may cause inaccurate times.
  • Supply counts are checked every 10 seconds.